 Dungeon Crawl Stone Soup version 0.18-a0-1577-gf591c28 (webtiles) character file.

60914 Kidiri the Thaumaturge (level 14, 0/82 HPs)
             Began as a Deep Elf Fire Elementalist on Mar 22, 2016.
             Was a High Priest of Vehumet.
             Slain by a black mamba (7 damage)
             ... on level 8 of the Lair of Beasts.
             The game lasted 01:49:06 (29012 turns).

Kidiri the Thaumaturge (DEFE)                      Turns: 29012, Time: 01:49:06

Health: 0/82       AC: 11    Str:  9    XL:     14   Next: 58%
Magic:  9/43       EV: 21    Int: 29    God:    Vehumet [*****.]
Gold:   1748       SH:  0    Dex: 20    Spells: 12 memorised, 1 level left

rFire  . . .     SeeInvis .     o - +8 hand axe "Zanubah" {freeze, Str+4 Dex+5}
rCold  . . .     Gourm    .     Z - steam dragon hide
rNeg   . . .     Faith    .     (no shield)
rPois  .         Spirit   .     n - +2 helmet
rElec  .         Dismiss  .     h - +1 cloak
rCorr  .         Reflect  .     b - +0 pair of gloves
SustAt .         Harm     .     X - +2 pair of boots
MR     +....                    q - amulet of rage
Stlth  +++.......               w - +3 ring of intelligence
                                f - ring of magical power

@: somewhat resistant to hostile enchantments, fairly stealthy
A: no striking features
a: Renounce Religion, Evoke Berserk Rage


You were on level 8 of the Lair of Beasts.
You worshipped Vehumet.
Vehumet was extremely pleased with you.
You were full.

You visited 3 branches of the dungeon, and saw 18 of its levels.
You also visited: Labyrinth and Bailey.

You collected 1748 gold pieces.

Inventory:

Hand Weapons
 e - a +7 dagger
 o - the +8 hand axe "Zanubah" (weapon) {freeze, Str+4 Dex+5}
   (You took it off an orc priest on level 9 of the Dungeon)

   It has been specially enchanted to freeze those struck by it, causing extra
   injury to most foes and up to half again as much damage against particularly
   susceptible opponents.
   It can also slow down cold-blooded creatures.
   It affects your strength (+4).
   It affects your dexterity (+5).
 t - the +7 flail of Chaos {crush, +Inv rN++ Str+3 Int-3}
   (You found it on level 6 of the Dungeon)

   It inflicts extra damage upon your enemies.
   It affects your strength (+3).
   It affects your intelligence (-3).
   It greatly protects you from negative energy.
   It lets you turn invisible.
Armour
 a - a +1 robe
 b - a +0 pair of gloves (worn)
 h - a +1 cloak (worn)
 n - a +2 helmet (worn)
 J - a mottled dragon hide
 X - a +2 pair of boots (worn)
 Z - a steam dragon hide (worn)
Jewellery
 f - a ring of magical power (left hand)
 q - an amulet of rage (around neck)
 s - an uncursed ring of see invisible
 u - an uncursed ring of flight
 w - a +3 ring of intelligence (right hand)
Wands
 d - a wand of flame (16/48)
 p - a wand of confusion (32/48)
 v - a wand of confusion (23/48)
 y - a wand of paralysis (17/24)
 z - a wand of lightning (5/15)
 E - a wand of flame (24/48)
 I - a wand of disintegration (12/24)
 W - a wand of hasting (2/9)
Scrolls
 i - a scroll of teleportation
 j - 10 scrolls of remove curse
 r - a scroll of fog
 D - a scroll of silence
 G - a scroll of vulnerability
 K - 2 scrolls of summoning
 M - 5 scrolls of amnesia
 N - a scroll of recharging
 T - a scroll of magic mapping
Potions
 m - a potion of berserk rage
 x - a potion of brilliance {unknown}
 A - a potion of degeneration {unknown}
 C - 2 potions of cancellation
 H - 2 potions of magic
 O - 4 potions of agility
 P - a potion of ambrosia
 Q - 4 potions of cure mutation
 R - 3 potions of flight
 U - a potion of might {unknown}
Books
 L - the Incunabulum of Moulding and Lightness
   (You found it on level 7 of the Lair of Beasts)

   Spells                             Type                      Level
   a - Shock                          Conjuration/Air              1
   b - Beastly Appendage              Transmutation                1
   c - Repel Missiles                 Charms/Air                   2
   d - Yara's Violent Unravelling     Hexes/Transmutation          5
   e - Blade Hands                    Transmutation                5
   f - Hydra Form                     Transmutation                6
 Y - a Fen Folio

   Spells                             Type                      Level
   a - Corpse Rot                     Necromancy                   2
   b - Stone Arrow                    Conjuration/Earth            3
   c - Leda's Liquefaction            Hexes/Earth                  4
   d - Summon Forest                  Summoning/Translocation      5
   e - Hydra Form                     Transmutation                6
   f - Summon Hydra                   Summoning                    7
Comestibles
 c - 5 bread rations
 g - 21 fruits
 k - 12 royal jellies
 l - a slice of pizza


   Skills:
 + Level 7.0 Fighting
 + Level 10.3 Dodging
 - Level 2.4 Stealth
 * Level 14.6 Spellcasting
 + Level 9.0 Conjurations
 + Level 10.7 Hexes
 + Level 6.4 Translocations
 + Level 6.5 Transmutations
 + Level 9.5 Fire Magic
 + Level 6.6 Air Magic
 + Level 7.6 Poison Magic
 + Level 8.3 Evocations


You had one spell level left.
You knew the following spells:

 Your Spells              Type           Power        Failure   Level  Hunger
a - Flame Tongue          Conj/Fire      #####        1%          1    None
b - Throw Flame           Conj/Fire      ######       1%          2    None
c - Conjure Flame         Conj/Fire      ######..     1%          3    None
d - Inner Flame           Hex/Fire       ######..     1%          3    None
e - Sticky Flame          Conj/Fire      ######..     1%          4    None
f - Fireball              Conj/Fire      ######....   1%          5    None
g - Shock                 Conj/Air       ####         1%          1    None
h - Sting                 Conj/Pois      ####         1%          1    None
i - Ignite Poison         Fire/Trmt/Pois ######..     1%          3    None
j - Force Lance           Conj/Tloc      ######..     1%          4    None
k - Bolt of Fire          Conj/Fire      ######....   3%          6    ####...
l - Controlled Blink      Tloc           N/A          100%        8    #######


Dungeon Overview and Level Annotations

Branches:
Dungeon (9/15)             Temple (1/1) D:7            Lair (8/8) D:9
 Shoals (0/4) Lair:5        Snake (0/4) Lair:4        Slime (0/6) Lair:7
    Orc (0/2) D:9

Altars:
Ashenzari
Cheibriados
Dithmenos
Elyvilon
Fedhas
Gozag
Kikubaaqudgha
Makhleb
Nemelex Xobeh
Okawaru
Pakellas
Qazlal
Ru
Sif Muna
Trog
Vehumet
Xom
Yredelemnul
Zin
The Shining One
Beogh

Annotations:
Lair:8 1 runed door


Message History

Aiming: Flame Tongue
Press: ? - help, Shift-Dir - straight line, f/p - black mamba
Aim: a black mamba The flame tongue misses the black mamba.
Casting: Flame Tongue
Confirm with . or Enter, or press ? or * to list all spells.
Aiming: Sticky Flame
Press: ? - help, Shift-Dir - straight line, f/p - black mamba
Aim: a black mamba The sticky flame hits the black mamba.
The black mamba is moderately wounded.
The black mamba is covered in liquid flames!
The black mamba burns!
The black mamba misses you. The black mamba closely misses you.
The black mamba burns!
The black mamba burns!
The black mamba bites you!
* * * LOW HITPOINT WARNING * * *
A water moccasin comes into view.
The black mamba burns!
The black mamba bites you!
You die...

##### ### ###
#...#######.########
#.###..@S.......#..#.PP.
#...PP..................
##...PPP............#....
#....PPP#####.....##....#
#..S.P#### #.....##.....
##...###.####.....##.....
##......P#..............
###........P...........PP
#.....##...PP............


You could see a black mamba (burning) and a water moccasin (wandering).

Vanquished Creatures
  A minotaur (Lab)
  10 hydras
  8 death yaks
  A lindwurm (Lair:8)
  An orc knight (Bailey)
  A necromancer (Lair:5)
  5 griffons
  A manticore (Lair:5)
  23 elephants
  3 black mambas
  5 torpor snails (Lair:8)
  4 rime drakes (Lair:8)
  17 spiny frogs
  13 komodo dragons
  2 polar bears
  A queen bee (Lair:5)
  3 giant leeches (Lair:8)
  17 blink frogs
  2 slime creatures (Lair:7)
  A shadow (D:9)
  3 wyverns
  5 basilisks
  3 steam dragons (Lair:8)
  27 yaks
  4 hungry ghosts (Lab)
  7 hippogriffs
  2 mottled dragons (Lair:8)
  4 nagas (Lair:4)
  8 porcupines
  15 water moccasins
  9 orc warriors
  6 ice beasts
  An elephant zombie (Lair:5)
  2 sky beasts
  4 wasps (Lair:8)
  15 wolves
  An ogre (D:3)
  4 centaurs
  23 crocodiles
  4 big kobolds (D:9)
  A gnoll sergeant (D:9)
  13 giant frogs
  2 water moccasin zombies
  4 scorpions
  24 killer bees (Lair:5)
  2 howler monkeys
  6 electric eels
  4 crimson imps
  A centaur zombie (D:6)
  3 jellies
  A quasit (D:6)
  8 orc priests
  7 hounds
  4 orc wizards
  3 basilisk zombies (Lair:5)
  A centaur skeleton (D:8)
  13 iguanas
  7 worker ants
  2 sheep (D:9)
  2 hound skeletons
  8 adders
  12 gnolls
  68 river rats
  2 shadow imps
  2 oozes (D:5)
  20 worms
  A dart slug (D:2)
  13 giant geckos
  36 orcs
  4 ball pythons
  14 bats
  12 giant cockroaches
  13 goblins
  14 hobgoblins
  4 jackals
  32 kobolds
  5 quokkas
  A giant gecko skeleton (D:8)
  9 giant newts
  A jackal skeleton (D:5)
  A quokka zombie (D:6)
  18 rats
  6 fungi
  4 plants (Lair:8)
674 creatures vanquished.

Vanquished Creatures (collateral kills)
  A giant leech (Lair:8)
1 creature vanquished.

Vanquished Creatures (others)
  A bush (Lair:7)
  117 fungi
  60 plants
178 creatures vanquished.

Grand Total: 853 creatures vanquished

Notes
Turn   | Place    | Note
--------------------------------------------------------------
     0 | D:1      | Kidiri the Deep Elf Fire Elementalist began the quest for the Orb.
     0 | D:1      | Reached XP level 1. HP: 10/10 MP: 6/6
   194 | D:1      | Reached XP level 2. HP: 13/15 MP: 4/8
   201 | D:1      | Learned a level 2 spell: Throw Flame
   718 | D:1      | Reached XP level 3. HP: 19/19 MP: 7/10
   723 | D:1      | Learned a level 3 spell: Conjure Flame
   727 | D:1      | Learned a level 3 spell: Inner Flame
  1537 | D:2      | Reached skill level 1 in Fighting
  1774 | D:2      | Reached skill level 4 in Spellcasting
  2255 | D:3      | Reached XP level 4. HP: 17/25 MP: 1/12
  2810 | D:3      | Noticed an ogre
  2816 | D:3      | Killed an ogre
  2816 | D:3      | Reached skill level 1 in Hexes
  2816 | D:3      | Reached XP level 5. HP: 29/29 MP: 4/14
  2823 | D:3      | Learned a level 4 spell: Sticky Flame
  3109 | D:3      | Reached skill level 5 in Spellcasting
  3317 | D:3      | Reached XP level 6. HP: 35/35 MP: 3/16
  4017 | D:4      | Noticed a sky beast
  4245 | D:4      | Killed a sky beast
  4412 | D:4      | Reached skill level 6 in Spellcasting
  4412 | D:4      | Reached XP level 7. HP: 40/40 MP: 13/18
  4688 | D:4      | Learned a level 5 spell: Fireball
  4689 | D:5      | Entered Level 5 of the Dungeon
  4743 | D:5      | Found a blossoming altar of Fedhas.
  4750 | D:5      | Found a stormy altar of Qazlal.
  5588 | D:5      | Reached skill level 5 in Fire Magic
  5750 | D:6      | Got a pair of ichor-stained boots
  5756 | D:6      | Identified the +0 pair of boots "Rurats" {Dex+2} (You found it on level 6 of the Dungeon)
  5851 | D:6      | Found a blossoming altar of Fedhas.
  6104 | D:6      | Reached skill level 7 in Spellcasting
  6104 | D:6      | Reached XP level 8. HP: 10/45 MP: 15/20
  6738 | D:6      | Got a crude flail
  6739 | D:6      | Identified the +7 flail of Chaos {crush, +Inv rN++ Str+3 Int-3} (You found it on level 6 of the Dungeon)
  6813 | D:6      | Found a burning altar of Makhleb.
  6818 | D:6      | Found an iron altar of Okawaru.
  6818 | D:6      | Found a deep blue altar of Sif Muna.
  6819 | D:6      | Found a white marble altar of Elyvilon.
  6819 | D:6      | Found a sacrificial altar of Ru.
  6920 | D:6      | Reached skill level 5 in Dodging
  7252 | D:7      | Reached skill level 1 in Evocations
  7258 | D:7      | Found a shadowy altar of Dithmenos.
  7454 | D:7      | Found a staircase to the Ecumenical Temple.
  7460 | Temple   | Entered the Ecumenical Temple
  7653 | Temple   | Became a worshipper of Vehumet
  7726 | D:7      | Reached skill level 8 in Spellcasting
  7921 | D:8      | Reached skill level 5 in Hexes
  8147 | D:8      | Reached XP level 9. HP: 51/51 MP: 18/23
  8162 | D:8      | Found a shattered altar of Ashenzari.
  8276 | D:8      | Reached * piety under Vehumet
  8276 | D:8      | Offered knowledge of Shock by Vehumet.
  8276 | D:8      | Reached skill level 5 in Conjurations
  8281 | D:8      | Learned a level 1 spell: Shock
  8493 | D:8      | Reached skill level 9 in Spellcasting
  8732 | D:9      | Reached skill level 1 in Air Magic
  8791 | D:9      | Noticed a two-headed hydra
  8804 | D:9      | Killed a two-headed hydra
  8873 | D:9      | Reached XP level 10. HP: 34/58 MP: 12/25
  8912 | D:9      | Reached skill level 10 in Spellcasting
  8928 | D:9      | Offered knowledge of Sting by Vehumet.
  8944 | D:9      | Reached ** piety under Vehumet
  9190 | D:9      | Got a slimy hand axe {freeze}
  9197 | D:9      | Found a flagged portal.
  9208 | Bailey   | Entered a bailey
  9443 | Bailey   | Identified the +8 hand axe "Zanubah" {freeze, Str+4 Dex+5} (You took it off an orc priest on level 9 of the Dungeon)
  9459 | Bailey   | Noticed an orc knight
  9864 | Bailey   | Learned a level 1 spell: Sting
  9894 | Bailey   | Killed an orc knight
  9894 | Bailey   | Offered knowledge of Ignite Poison by Vehumet.
 10064 | Bailey   | Learned a level 3 spell: Ignite Poison
 10931 | D:9      | Found a roughly hewn altar of Beogh.
 10934 | D:9      | Found a staircase to the Orcish Mines.
 10939 | D:9      | Reached skill level 1 in Poison Magic
 10939 | D:9      | Reached *** piety under Vehumet
 11128 | D:9      | Found a staircase to the Lair.
 11456 | D:9      | Offered knowledge of Force Lance by Vehumet.
 11552 | D:9      | Reached skill level 1 in Transmutations
 11810 | D:9      | Reached **** piety under Vehumet
 11986 | D:9      | Learned a level 4 spell: Force Lance
 12123 | Lair:1   | Entered Level 1 of the Lair of Beasts
 12202 | Lair:1   | Noticed a spiny frog
 12214 | Lair:1   | Killed a spiny frog
 12412 | Lair:1   | Reached skill level 1 in Translocations
 12441 | Lair:1   | Reached skill level 11 in Spellcasting
 12441 | Lair:1   | Reached XP level 11. HP: 62/62 MP: 6/28
 12825 | Lair:1   | Reached skill level 5 in Evocations
 12864 | Lair:1   | Offered knowledge of Throw Icicle by Vehumet.
 13174 | Lair:1   | Reached skill level 5 in Fighting
 13851 | Lair:2   | Reached ***** piety under Vehumet
 13873 | Lair:2   | Noticed a griffon
 13906 | Lair:2   | Killed a griffon
 14239 | Lair:2   | Noticed a six-headed hydra
 14275 | Lair:2   | Killed a seven-headed hydra
 14843 | Lair:3   | Offered knowledge of Bolt of Fire by Vehumet.
 14851 | Lair:3   | Learned a level 6 spell: Bolt of Fire
 15288 | Lair:3   | Noticed a griffon
 15297 | Lair:3   | Killed a griffon
 15452 | Lair:3   | Reached skill level 12 in Spellcasting
 15828 | Lair:3   | Noticed a four-headed hydra
 15845 | Lair:3   | Killed a four-headed hydra
 16048 | Lair:3   | Reached XP level 12. HP: 68/68 MP: 10/30
 16548 | Lair:4   | Noticed a six-headed hydra
 16562 | Lair:4   | Killed a six-headed hydra
 16562 | Lair:4   | Reached skill level 5 in Air Magic
 16883 | Lair:4   | Found a staircase to the Snake Pit.
 18267 | Lair:5   | Found a labyrinth entrance.
 18295 | Lab      | Entered a labyrinth
 19101 | Lab      | Noticed a minotaur
 19110 | Lab      | Killed a minotaur
 19139 | Lab      | Got a twisted blowgun
 19155 | Lair:5   | Identified the +8 blowgun "Ylusegh" {speed, Stlth+} (You took it off a minotaur in a labyrinth)
 19162 | Lair:5   | Identified a +4 rod of shadows (9/9) (You found it in a labyrinth)
 19164 | Lair:5   | Identified a +4 rod of inaccuracy (5/13) (You took it off a minotaur in a labyrinth)
 19786 | Lair:5   | Found a staircase to the Shoals.
 19987 | Lair:5   | Reached skill level 5 in Poison Magic
 20821 | Lair:5   | Reached skill level 13 in Spellcasting
 21201 | Lair:5   | Reached XP level 13. HP: 32/74 MP: 32/32
 21399 | Lair:6   | Offered knowledge of Poison Arrow by Vehumet.
 22605 | Lair:5   | Reached skill level 5 in Transmutations
 22898 | Lair:7   | Reached skill level 5 in Translocations
 24422 | Lair:7   | Identified the Incunabulum of Moulding and Lightness
 24558 | Lair:7   | Found a staircase to the Slime Pits.
 24567 | Lair:7   | Reached skill level 10 in Hexes
 25990 | Lair:7   | Reached skill level 14 in Spellcasting
 26209 | Lair:8   | Entered Level 8 of the Lair of Beasts
 26259 | Lair:8   | Offered knowledge of Conjure Ball Lightning by Vehumet.
 26448 | Lair:8   | Reached XP level 14. HP: 57/80 MP: 34/34
 26639 | Lair:8   | Learned a level 8 spell: Controlled Blink
 26914 | Lair:8   | Found a runed door.
 27153 | Lair:8   | Reached skill level 10 in Dodging
 29012 | Lair:8   | Slain by a black mamba

Vault maps used:
D:1:      dpeg_arrival_lava_temple_mockup, serial_curves, eino_curves_03,
          eino_curves_02, eino_curves_02
D:2:      first_bread
D:4:      gup_sewer_entry_pipe
D:5:      grunt_temple_overflow_forces_of_nature
D:6:      grunt_temple_overflow_open, basic_altar
D:7:      minmay_temple_entry_fiery, nicolae_dithmenos_the_darkroom
D:8:      lemuel_crystal_altar
D:9:      grunt_lair_entry_orc_guard_hut, david_orc_5, enter_bailey_2,
          hangedman_ranch
Temple:   eino_temple_water_12
Lair:1:   beast_lair_carwin_large_2
Lair:3:   minivault_11, st_stairs_10
Lair:4:   minmay_snake_entry_guardpost_medium
Lair:5:   pond_and_an_island_with_a_cottage, minmay_shoals_entry_beasts,
          lab_entry_generic, special_room
Lair:6:   grunt_megastairs_4
Lair:7:   minmay_slime_entry_pillars, columned_hall_lemuel
Lair:8:   wormcave, guppyfry_lair_end_dragon
Lab:      labyrinth_spiral, nicolae_lab_t_cross, labyrinth_skeletal_remains,
          nicolae_lab_checkerboard
Bailey:   bailey_axe_4, bailey

Skill      XL: |  1  2  3  4  5  6  7  8  9 10 11 12 13 14 |
---------------+-------------------------------------------+-----
Dodging        | 3 4 5 6 7 8 9 10 | 10.3
Fighting       | 1 2 3 4 5 6 7 |  7.0
Spellcasting   | 4 5 6 7 8 9 11 12 13 14 | 14.6
Conjurations   | 2 3 4 5 6 7 8 9 |  9.0
Hexes          | 1 2 3 4 5 6 7 8 9 10 | 10.7
Fire Magic     | 4 5 6 7 8 9 |  9.5
Evocations     | 2 3 4 5 6 7 8 |  8.3
Air Magic      | 2 3 4 5 6 |  6.6
Poison Magic   | 2 4 5 6 7 |  7.6
Transmutations | 1 3 4 5 6 |  6.5
Translocations | 1 3 4 5 6 |  6.4
Stealth        | |  2.4

Action                   |  1- 3 |  4- 6 |  7- 9 | 10-12 | 13-15 || total
-------------------------+-------+-------+-------+-------+-------++-------
Melee: Unarmed           |     5 |       |       |       |       ||     5
       Dagger            |     1 |    12 |   434 |       |       ||   447
       Short sword       |     9 |     7 |       |       |       ||    16
       Flail             |       |       |    26 |     8 |       ||    34
       Hand axe          |       |       |       |   203 |   164 ||   367
 Cast: Flame Tongue      |    70 |    93 |   148 |   394 |   223 ||   928
       Throw Flame       |    22 |    19 |    42 |   113 |    39 ||   235
       Conjure Flame     |       |     3 |     4 |    23 |    11 ||    41
       Sticky Flame      |       |       |     7 |    56 |    57 ||   120
       Inner Flame       |       |       |     3 |    13 |     2 ||    18
       Fireball          |       |       |     2 |    24 |    11 ||    37
       Sting             |       |       |       |     2 |     3 ||     5
       Bolt of Fire      |       |       |       |    10 |    89 ||    99
       Force Lance       |       |       |       |       |     7 ||     7
 Abil: Evoke Flight      |       |       |       |     7 |       ||     7
  Use: Scroll            |     6 |     4 |     9 |    11 |     8 ||    38
       Potion            |       |     3 |     5 |     2 |     4 ||    14
 Stab: Sleeping          |       |     1 |     1 |     6 |     1 ||     9
  Eat: Chunk             |     4 |     2 |     6 |    13 |    20 ||    45
       Meat ration       |       |     1 |     2 |     6 |     1 ||    10
       Royal jelly       |       |       |       |     2 |       ||     2
       Bread ration      |       |       |       |       |     2 ||     2
       Pizza             |       |       |       |       |     6 ||     6
